TOP OF THE 1ST |
Ft. Worth Cattlemen batting - Pitching for Thunder Bay Northern Lions BC : RHP David Schrattenthaler
|
Pitching: RHP David Schrattenthaler
|
|
Batting: RHB Dennis Wacher
|
0-0: Ball 1-0: Foul Ball, location: 2F 1-1: Ball 2-1: Called Strike 2-2: Ball 3-2: Ground out 6-3 (Groundball, 6, EV 102.5 MPH)
|
Batting: LHB Semo Hoaloha
|
0-0: Called Strike 0-1: Called Strike 0-2: Ball 1-2: Foul Ball, location: 2F 1-2: Fly out, F7 (Flyball, 78S, EV 74.4 MPH)
|
Batting: LHB Craig Woods
|
0-0: Ball 1-0: Ground out 4-3 (Groundball, 4, EV 88.1 MPH)
|
Top of the 1st over - 0 runs, 0 hits, 0 errors, 0 left on base; Ft. Worth 0 - Thunder Bay 0 |
BOTTOM OF THE 1ST |
Thunder Bay Northern Lions BC batting - Pitching for Ft. Worth Cattlemen : RHP Tom Scots
|
Pitching: RHP Tom Scots
|
|
Batting: LHB Keaton Kringlen
|
0-0: Ground out 1-3 (Groundball, 34S, EV 63.1 MPH)
|
Batting: LHB Sébastien Cornu
|
0-0: SINGLE (Groundball, 6MD, EV 99.4 MPH)
|
Batting: RHB Charles Josse
|
0-0: Called Strike Pickoff Throw to First - Out! 1-3 0-1: Ball 1-1: DOUBLE (Line Drive, 9LM, EV 94.4 MPH)
|
Batting: RHB Jason Slaybaugh
|
0-0: Ball 1-0: Ball 2-0: Ball 3-0: Called Strike 3-1: Swinging Strike 3-2: Ground out 6-3 (Groundball, 6S, EV 91.2 MPH)
|
Bottom of the 1st over - 0 runs, 2 hits, 0 errors, 1 left on base; Ft. Worth 0 - Thunder Bay 0 |
TOP OF THE 2ND |
Ft. Worth Cattlemen batting - Pitching for Thunder Bay Northern Lions BC : RHP David Schrattenthaler
|
Batting: SHB Kolby Hay
|
0-0: Called Strike 0-1: SINGLE (Groundball, 4M, EV 98.1 MPH) (infield hit)
|
Batting: RHB Derek Bangert
|
0-0: Ball 1-0: Called Strike 1-1: Grounds into double play, 5-4-3 (Groundball, 56S, EV 88.1 MPH)
|
Batting: LHB Count Dante
|
0-0: Ball 1-0: Swinging Strike 1-1: Called Strike 1-2: Strikes out swinging, 2-3 out at first.
|
Top of the 2nd over - 0 runs, 1 hit, 0 errors, 0 left on base; Ft. Worth 0 - Thunder Bay 0 |
BOTTOM OF THE 2ND |
Thunder Bay Northern Lions BC batting - Pitching for Ft. Worth Cattlemen : RHP Tom Scots
|
Batting: LHB Gilberto Ocasio
|
0-0: Foul Ball, location: 2F 0-1: Foul Ball, location: 2F 0-2: Ball 1-2: SINGLE (Flyball, 7LM, EV 108.8 MPH)
|
Batting: LHB Ramón Padilla
|
0-0: Called Strike 0-1: Grounds into double play, 5-4-3 (Groundball, 56, EV 108.8 MPH)
|
Batting: RHB Curf Pierstisnips
|
0-0: SINGLE (Groundball, 3D, EV 103.8 MPH)
|
Batting: SHB Takeshi Kovacs
|
0-0: Ball 1-0: Ball 2-0: Foul Ball, location: 2F 2-1: Ball 3-1: SINGLE (Groundball, 13, EV 73.8 MPH) (infield hit) Curf Pierstisnips to second
|
Batting: LHB Yao-pang Chiang
|
0-0: SINGLE (Flyball, 7LS, EV 90.6 MPH) Curf Pierstisnips to third Takeshi Kovacs to second Runner from 3rd tries for Home, SAFE, throw by LF to home
|
Batting: LHB Keaton Kringlen
|
0-0: Called Strike 0-1: DOUBLE (Flyball, 78D, EV 89.4 MPH) Takeshi Kovacs scores Yao-pang Chiang to third
|
Batting: LHB Sébastien Cornu
|
0-0: Foul Ball, location: 2F 0-1: Foul Ball, location: 2F 0-2: Ball 1-2: Strikes out swinging
|
Bottom of the 2nd over - 2 runs, 5 hits, 0 errors, 2 left on base; Ft. Worth 0 - Thunder Bay 2 |
TOP OF THE 3RD |
Ft. Worth Cattlemen batting - Pitching for Thunder Bay Northern Lions BC : RHP David Schrattenthaler
|
Batting: RHB Tsuneari Hirano
|
0-0: SINGLE (Groundball, 6MD, EV 98.8 MPH)
|
Batting: RHB Min-gook Ch'oe
|
0-0: Ball 1-0: Called Strike 1-1: Grounds into double play, 5-4-3 (Groundball, 56, EV 105.6 MPH)
|
Batting: RHB Lonnie Doble
|
0-0: Ball 1-0: Ball 2-0: Called Strike 2-1: Ground out 5-3 (Groundball, 5, EV 101.9 MPH)
|
Top of the 3rd over - 0 runs, 1 hit, 0 errors, 0 left on base; Ft. Worth 0 - Thunder Bay 2 |
BOTTOM OF THE 3RD |
Thunder Bay Northern Lions BC batting - Pitching for Ft. Worth Cattlemen : RHP Tom Scots
|
Batting: RHB Charles Josse
|
0-0: Swinging Strike 0-1: Ball 1-1: Swinging Strike 1-2: DOUBLE (Line Drive, 5D, EV 94.4 MPH)
|
Batting: RHB Jason Slaybaugh
|
0-0: Foul Ball, location: 2F 0-1: Swinging Strike 0-2: Ball 1-2: Ball 2-2: Ball 3-2: 2-RUN HOME RUN (Flyball, 7D, EV 91.9 MPH), Distance : 394 ft
|
Batting: LHB Gilberto Ocasio
|
0-0: SINGLE (Groundball, 4D, EV 111.2 MPH)
|
Batting: LHB Ramón Padilla
|
0-0: Ball 1-0: Called Strike Gilberto Ocasio steals 2nd base (no throw) 1-1: Foul Ball, location: 2F 1-2: SINGLE (Line Drive, 3D, EV 101.9 MPH) Gilberto Ocasio to third Runner from 3rd tries for Home, SAFE, no throw by RF
|
Batting: RHB Curf Pierstisnips
|
0-0: Swinging Strike 0-1: Fly out, F8 (Flyball, 78XD, EV 93.1 MPH)
|
Batting: SHB Takeshi Kovacs
|
0-0: Ball 1-0: Grounds into double play, 4-6-3 (Groundball, 4, EV 84.4 MPH)
|
Bottom of the 3rd over - 3 runs, 4 hits, 0 errors, 0 left on base; Ft. Worth 0 - Thunder Bay 5 |
TOP OF THE 4TH |
Ft. Worth Cattlemen batting - Pitching for Thunder Bay Northern Lions BC : RHP David Schrattenthaler
|
Batting: RHB Dennis Wacher
|
0-0: Ball 1-0: SINGLE (Groundball, 56, EV 101.9 MPH) (infield hit)
|
Batting: LHB Semo Hoaloha
|
0-0: Ball Dennis Wacher steals 2nd base 1-0: Fly out, F8 (Flyball, 8LS, EV 76.2 MPH)
|
Batting: LHB Craig Woods
|
0-0: Called Strike 0-1: Foul Ball, location: 2F 0-2: Ball 1-2: Ball 2-2: Fly out, F8 (Line Drive, 8LD, EV 90.6 MPH)
|
Batting: SHB Kolby Hay
|
0-0: Called Strike 0-1: Ball 1-1: Ball 2-1: DOUBLE (Line Drive, 7LM, EV 105.6 MPH) Dennis Wacher scores
|
Batting: RHB Derek Bangert
|
0-0: Ball 1-0: Ground out 5-3 (Groundball, 5, EV 90.0 MPH)
|
Top of the 4th over - 1 run, 2 hits, 0 errors, 1 left on base; Ft. Worth 1 - Thunder Bay 5 |
BOTTOM OF THE 4TH |
Thunder Bay Northern Lions BC batting - Pitching for Ft. Worth Cattlemen : RHP Tom Scots
|
Batting: LHB Yao-pang Chiang
|
0-0: Foul Ball, location: 2F 0-1: Foul Ball, location: 2F 0-2: Foul Ball, location: 2F 0-2: Foul Ball, location: 2F 0-2: Foul Ball, location: 2F 0-2: Ground out 4-3 (Groundball, 4, EV 108.8 MPH)
|
Batting: LHB Keaton Kringlen
|
0-0: SINGLE (Flyball, 9S, EV 95.6 MPH)
|
Batting: LHB Sébastien Cornu
|
0-0: Ball 1-0: Swinging Strike 1-1: Swinging Strike 1-2: Foul Ball, location: 2F 1-2: Strikes out swinging
|
Batting: RHB Charles Josse
|
0-0: Fly out, F8 (Line Drive, 8LM, EV 83.1 MPH)
|
Bottom of the 4th over - 0 runs, 1 hit, 0 errors, 1 left on base; Ft. Worth 1 - Thunder Bay 5 |
TOP OF THE 5TH |
Ft. Worth Cattlemen batting - Pitching for Thunder Bay Northern Lions BC : RHP David Schrattenthaler
|
Batting: LHB Count Dante
|
0-0: Ball 1-0: DOUBLE (Line Drive, 7LS, EV 105.0 MPH)
|
Batting: RHB Tsuneari Hirano
|
0-0: Ball 1-0: Foul Ball, location: 2F 1-1: Swinging Strike 1-2: Strikes out swinging
|
Batting: RHB Min-gook Ch'oe
|
0-0: Called Strike 0-1: Called Strike 0-2: SINGLE (Line Drive, 4M, EV 96.2 MPH) Count Dante to third
|
Batting: RHB Lonnie Doble
|
0-0: Called Strike 0-1: Ball 1-1: DOUBLE (Groundball, 5L, EV 110.6 MPH) Count Dante scores Min-gook Ch'oe to third
|
Batting: RHB Dennis Wacher
|
0-0: Ball 1-0: Ball 2-0: Ground out 2-3 (Groundball, 15S, EV 64.4 MPH)
|
Batting: LHB Semo Hoaloha
|
0-0: Foul Ball, location: 2F 0-1: Ball 1-1: Ball 2-1: Ball 3-1: Called Strike 3-2: SINGLE (Groundball, 4MD, EV 101.2 MPH) Min-gook Ch'oe scores Lonnie Doble to third Lonnie Doble scores
|
Batting: LHB Craig Woods
|
0-0: Swinging Strike 0-1: Called Strike 0-2: Ball 1-2: SINGLE (Line Drive, 89S, EV 92.5 MPH) Semo Hoaloha to second Runner from 2nd tries for 3rd, SAFE, no throw by RF
|
Batting: SHB Kolby Hay
|
0-0: Called Strike 0-1: 3-RUN HOME RUN (Flyball, 9LD, EV 105.6 MPH), Distance : 331 ft
|
Pitching: RHP Jim Sison
|
|
Batting: RHB Derek Bangert
|
0-0: Ball 1-0: Foul Ball, location: 2F 1-1: Swinging Strike 1-2: Ball 2-2: Strikes out swinging
|
Top of the 5th over - 6 runs, 6 hits, 0 errors, 0 left on base; Ft. Worth 7 - Thunder Bay 5 |
BOTTOM OF THE 5TH |
Thunder Bay Northern Lions BC batting - Pitching for Ft. Worth Cattlemen : RHP Tom Scots
|
Batting: RHB Jason Slaybaugh
|
0-0: Fly out, F9 (Flyball, 9LM, EV 100.0 MPH)
|
Batting: LHB Gilberto Ocasio
|
0-0: Ball 1-0: Ball 2-0: Ball 3-0: Called Strike 3-1: Fly out, F8 (Flyball, 8LM, EV 91.9 MPH)
|
Batting: LHB Ramón Padilla
|
0-0: Ground out 1-3 (Groundball, 34S, EV 79.4 MPH)
|
Bottom of the 5th over - 0 runs, 0 hits, 0 errors, 0 left on base; Ft. Worth 7 - Thunder Bay 5 |
TOP OF THE 6TH |
Ft. Worth Cattlemen batting - Pitching for Thunder Bay Northern Lions BC : RHP Jim Sison
|
Batting: LHB Count Dante
|
0-0: Ball 1-0: Ground out 1-3 (Groundball, 23, EV 81.9 MPH)
|
Batting: RHB Tsuneari Hirano
|
0-0: Foul Ball, location: 2F 0-1: Ground out 4-3 (Groundball, 4, EV 101.9 MPH)
|
Batting: RHB Min-gook Ch'oe
|
0-0: Ball 1-0: Ball 2-0: Ball 3-0: Base on Balls
|
Batting: RHB Lonnie Doble
|
0-0: Called Strike 0-1: Ball 1-1: Fielders Choice at 2nd, 6-4 (Groundball, 6, EV 85.6 MPH)
|
Top of the 6th over - 0 runs, 0 hits, 0 errors, 1 left on base; Ft. Worth 7 - Thunder Bay 5 |
BOTTOM OF THE 6TH |
Thunder Bay Northern Lions BC batting - Pitching for Ft. Worth Cattlemen : RHP Tom Scots
|
Pitching: RHP David Buchanan
|
|
Batting: RHB Curf Pierstisnips
|
0-0: Ball 1-0: Fly out, F9 (Flyball, 9LM, EV 74.4 MPH)
|
Batting: SHB Takeshi Kovacs
|
0-0: Fly out, F9 (Flyball, 9LDF, EV 105.0 MPH)
|
Batting: LHB Yao-pang Chiang
|
0-0: Called Strike 0-1: Called Strike 0-2: Ball 1-2: Ball 2-2: Foul Ball, location: 2F 2-2: Ball 3-2: Base on Balls
|
Batting: LHB Keaton Kringlen
|
0-0: Ball 1-0: Foul Ball, location: 2F 1-1: Ball 2-1: Swinging Strike 2-2: Strikes out swinging
|
Bottom of the 6th over - 0 runs, 0 hits, 0 errors, 1 left on base; Ft. Worth 7 - Thunder Bay 5 |
TOP OF THE 7TH |
Ft. Worth Cattlemen batting - Pitching for Thunder Bay Northern Lions BC : RHP Jim Sison
|
Batting: RHB Dennis Wacher
|
0-0: Foul Ball, location: 2F 0-1: Ball 1-1: Ball 2-1: SINGLE (Groundball, 34D, EV 95.6 MPH)
|
Batting: LHB Semo Hoaloha
|
0-0: Ball 1-0: Ball 2-0: Ball 3-0: Base on Balls Dennis Wacher to second
|
Batting: LHB Craig Woods
|
0-0: Swinging Strike 0-1: Ball 1-1: Foul Ball, location: 2F 1-2: Ball 2-2: Strikes out looking
|
Batting: SHB Kolby Hay
|
0-0: Ball 1-0: Grounds into double play, 6-4-3 (Groundball, 6, EV 85.0 MPH)
|
Top of the 7th over - 0 runs, 1 hit, 0 errors, 1 left on base; Ft. Worth 7 - Thunder Bay 5 |
BOTTOM OF THE 7TH |
Thunder Bay Northern Lions BC batting - Pitching for Ft. Worth Cattlemen : RHP David Buchanan
|
Batting: LHB Sébastien Cornu
|
0-0: Ball 1-0: DOUBLE (Flyball, 78D, EV 110.6 MPH)
|
Batting: RHB Charles Josse
|
0-0: Ball 1-0: Foul Ball, location: 2F 1-1: DOUBLE (Line Drive, 7LM, EV 103.1 MPH) Sébastien Cornu scores
|
Pitching: RHP Hiroaki Kouda
|
|
Batting: RHB Jason Slaybaugh
|
0-0: Called Strike 0-1: Ball 1-1: Ball 2-1: Foul Ball, location: 2F 2-2: Ball 3-2: Base on Balls
|
Batting: LHB Gilberto Ocasio
|
0-0: Ball 1-0: Called Strike 1-1: Ball 2-1: Swinging Strike 2-2: Foul Ball, location: 2F 2-2: Foul Ball, location: 2F 2-2: Ball 3-2: Grounds into double play, 4-6-3 (Groundball, 4, EV 80.6 MPH) Charles Josse to third
|
Batting: LHB Ramón Padilla
|
0-0: Ball 1-0: Foul Ball, location: 2F 1-1: DOUBLE (Flyball, 8LXD, EV 102.5 MPH) Charles Josse scores
|
Batting: RHB Curf Pierstisnips
|
0-0: Ball 1-0: Called Strike 1-1: Foul Ball, location: 2F 1-2: Ball 2-2: Ball 3-2: Base on Balls
|
Batting: SHB Takeshi Kovacs
|
0-0: Ball 1-0: Ball 2-0: Ball 3-0: Called Strike 3-1: Base on Balls Ramón Padilla to third Curf Pierstisnips to second
|
Pitching: RHP Dragutin Petrovic
|
|
Batting: LHB Yao-pang Chiang
|
0-0: Called Strike 0-1: Called Strike 0-2: Ball 1-2: Fly out, F7 (Flyball, 78S, EV 90.0 MPH)
|
Bottom of the 7th over - 2 runs, 3 hits, 0 errors, 3 left on base; Ft. Worth 7 - Thunder Bay 7 |
TOP OF THE 8TH |
Ft. Worth Cattlemen batting - Pitching for Thunder Bay Northern Lions BC : RHP Jim Sison
|
Batting: RHB Derek Bangert
|
0-0: Called Strike 0-1: Ball 1-1: Swinging Strike 1-2: Ball 2-2: Ground out 6-3 (Groundball, 4M, EV 110.0 MPH)
|
Batting: LHB Count Dante
|
0-0: Ball 1-0: Foul Ball, location: 2F 1-1: Called Strike 1-2: Ball 2-2: Strikes out swinging
|
Batting: RHB Tsuneari Hirano
|
0-0: Reached on error, E1 (Groundball, P, EV 63.8 MPH)
|
Batting: RHB Min-gook Ch'oe
|
0-0: Called Strike 0-1: Ball 1-1: Ball 2-1: SINGLE (Line Drive, 8RS, EV 102.5 MPH) Tsuneari Hirano to third Runner from 3rd tries for Home, SAFE, throw by CF to home
|
Pitching: RHP Jasper Kirby
|
|
Batting: RHB Lonnie Doble
|
0-0: Ball 1-0: Foul Ball, location: 2F 1-1: Called Strike 1-2: Foul Ball, location: 2F 1-2: Foul Ball, location: 2F 1-2: SINGLE (Groundball, 5D, EV 101.2 MPH) Min-gook Ch'oe to second
|
Batting: RHB Dennis Wacher
|
0-0: Called Strike 0-1: Foul Ball, location: 2F 0-2: Ball 1-2: Strikes out swinging
|
Top of the 8th over - 1 run, 2 hits, 1 error, 2 left on base; Ft. Worth 8 - Thunder Bay 7 |
BOTTOM OF THE 8TH |
Thunder Bay Northern Lions BC batting - Pitching for Ft. Worth Cattlemen : RHP Dragutin Petrovic
|
Batting: LHB Keaton Kringlen
|
0-0: Called Strike 0-1: Fly out, F7 (Flyball, 7S, EV 92.5 MPH)
|
Batting: LHB Sébastien Cornu
|
0-0: Called Strike 0-1: Fly out, F7 (Flyball, 7, EV 92.5 MPH)
|
Batting: RHB Charles Josse
|
0-0: Called Strike 0-1: Ground out 6-3 (Groundball, 6, EV 97.5 MPH)
|
Bottom of the 8th over - 0 runs, 0 hits, 0 errors, 0 left on base; Ft. Worth 8 - Thunder Bay 7 |
TOP OF THE 9TH |
Ft. Worth Cattlemen batting - Pitching for Thunder Bay Northern Lions BC : RHP Jasper Kirby
|
Batting: LHB Semo Hoaloha
|
0-0: Ball 1-0: Ball 2-0: Swinging Strike 2-1: Foul Ball, location: 2F 2-2: Ball 3-2: Foul Ball, location: 2F 3-2: Strikes out swinging
|
Batting: LHB Craig Woods
|
0-0: Ball 1-0: Swinging Strike 1-1: Foul Ball, location: 2F 1-2: Ball 2-2: Foul Ball, location: 2F 2-2: Strikes out swinging
|
Batting: SHB Kolby Hay
|
0-0: Called Strike 0-1: Ball 1-1: Ball 2-1: Ball 3-1: Foul Ball, location: 2F 3-2: Ground out 1-3 (Groundball, 34S, EV 80.0 MPH)
|
Top of the 9th over - 0 runs, 0 hits, 0 errors, 0 left on base; Ft. Worth 8 - Thunder Bay 7 |
BOTTOM OF THE 9TH |
Thunder Bay Northern Lions BC batting - Pitching for Ft. Worth Cattlemen : RHP Dragutin Petrovic
|
Pitching: RHP Jack Buyse
|
|
Now in CF: Scotty Glenn
|
|
Now in RF: Blake Browning
|
|
Batting: RHB Jason Slaybaugh
|
0-0: Ball 1-0: Called Strike 1-1: Ground out 4-3 (Groundball, 34, EV 81.2 MPH)
|
Batting: LHB Gilberto Ocasio
|
0-0: Called Strike 0-1: Called Strike 0-2: Strikes out swinging
|
Batting: LHB Ramón Padilla
|
0-0: Ball 1-0: Ball 2-0: Called Strike 2-1: Swinging Strike 2-2: Foul Ball, location: 2F 2-2: Foul Ball, location: 2F 2-2: Ball 3-2: Base on Balls
|
Batting: RHB Curf Pierstisnips
|
0-0: Ball Ramón Padilla steals 2nd base 1-0: SINGLE (Groundball, 4MD, EV 100.0 MPH) Ramón Padilla to third Runner from 3rd tries for Home, SAFE, throw by CF to home
|
Batting: SHB Takeshi Kovacs
|
0-0: Ball 1-0: Called Strike 1-1: Called Strike 1-2: Ball 2-2: Strikes out swinging
|
Bottom of the 9th over - 1 run, 1 hit, 0 errors, 1 left on base; Ft. Worth 8 - Thunder Bay 8 |
TOP OF THE 10TH |
Ft. Worth Cattlemen batting - Pitching for Thunder Bay Northern Lions BC : RHP Jasper Kirby
|
Pitching: RHP Miguel Rodríguez
|
|
Batting: RHB Derek Bangert
|
0-0: Called Strike 0-1: Ground out 5-3 (Groundball, 56, EV 85.0 MPH)
|
Batting: LHB Blake Browning
|
0-0: Foul Ball, location: 2F 0-1: Ball 1-1: Swinging Strike 1-2: Fly out, F8 (Line Drive, 8RM, EV 108.8 MPH)
|
Batting: RHB Tsuneari Hirano
|
0-0: Ball 1-0: Called Strike 1-1: Ground out 6-3 (Groundball, 6, EV 81.9 MPH)
|
Top of the 10th over - 0 runs, 0 hits, 0 errors, 0 left on base; Ft. Worth 8 - Thunder Bay 8 |
BOTTOM OF THE 10TH |
Thunder Bay Northern Lions BC batting - Pitching for Ft. Worth Cattlemen : RHP Jack Buyse
|
Batting: LHB Yao-pang Chiang
|
0-0: Ball 1-0: Foul Ball, location: 2F 1-1: Ball 2-1: Ground out 6-3 (Groundball, 6, EV 105.6 MPH)
|
Batting: LHB Keaton Kringlen
|
0-0: Ball 1-0: Ball 2-0: Ball 3-0: Called Strike 3-1: Base on Balls
|
Batting: LHB Sébastien Cornu
|
0-0: Ball 1-0: Ball 2-0: Foul Ball, location: 2F 2-1: Grounds into double play, 4-6-3 (Groundball, 4S, EV 89.4 MPH)
|
Bottom of the 10th over - 0 runs, 0 hits, 0 errors, 0 left on base; Ft. Worth 8 - Thunder Bay 8 |
TOP OF THE 11TH |
Ft. Worth Cattlemen batting - Pitching for Thunder Bay Northern Lions BC : RHP Miguel Rodríguez
|
Batting: RHB Min-gook Ch'oe
|
0-0: Swinging Strike 0-1: Ball 1-1: Swinging Strike 1-2: Strikes out looking
|
Batting: RHB Lonnie Doble
|
0-0: Ball 1-0: Ball 2-0: Foul Ball, location: 2F 2-1: Ground out 5-3 (Groundball, 56S, EV 70.0 MPH)
|
Batting: RHB Dennis Wacher
|
0-0: Called Strike 0-1: Foul Ball, location: 2F 0-2: Ball 1-2: Ball 2-2: Strikes out swinging
|
Top of the 11th over - 0 runs, 0 hits, 0 errors, 0 left on base; Ft. Worth 8 - Thunder Bay 8 |
BOTTOM OF THE 11TH |
Thunder Bay Northern Lions BC batting - Pitching for Ft. Worth Cattlemen : RHP Jack Buyse
|
Pitching: RHP Ignacio Uribe
|
|
Batting: RHB Charles Josse
|
0-0: Swinging Strike 0-1: Swinging Strike 0-2: Ball 1-2: Ground out 4-3 (Groundball, 4, EV 100.0 MPH)
|
Batting: RHB Jason Slaybaugh
|
0-0: Fly out, F9 (Flyball, 89M, EV 86.9 MPH)
|
Batting: LHB Gilberto Ocasio
|
0-0: Ball 1-0: SINGLE (Groundball, 4MD, EV 101.2 MPH)
|
Batting: LHB Ramón Padilla
|
0-0: Called Strike 0-1: Ball Gilberto Ocasio steals 2nd base 1-1: Intentional Walk
|
Batting: RHB Curf Pierstisnips
|
0-0: Ground out 3-1 (Groundball, 34, EV 91.9 MPH)
|
Bottom of the 11th over - 0 runs, 1 hit, 0 errors, 2 left on base; Ft. Worth 8 - Thunder Bay 8 |
TOP OF THE 12TH |
Ft. Worth Cattlemen batting - Pitching for Thunder Bay Northern Lions BC : RHP Miguel Rodríguez
|
Pitching: LHP Peace Addo
|
|
Batting: LHB Semo Hoaloha
|
0-0: Called Strike 0-1: Ball 1-1: DOUBLE (Line Drive, 78XD, EV 109.4 MPH) - OUT at third base trying to stretch hit.
|
Batting: LHB Craig Woods
|
0-0: Called Strike 0-1: Ball 1-1: Ball 2-1: Foul Ball, location: 2F 2-2: Foul Ball, location: 2F 2-2: Ball 3-2: Strikes out looking
|
Batting: RHB Scotty Glenn
|
0-0: Swinging Strike 0-1: Ball 1-1: Fly out, F4 (Line Drive, 4, EV 70.6 MPH)
|
Top of the 12th over - 0 runs, 1 hit, 0 errors, 0 left on base; Ft. Worth 8 - Thunder Bay 8 |
BOTTOM OF THE 12TH |
Thunder Bay Northern Lions BC batting - Pitching for Ft. Worth Cattlemen : RHP Ignacio Uribe
|
Batting: SHB Takeshi Kovacs
|
0-0: Called Strike 0-1: Swinging Strike 0-2: Foul Ball, location: 2F 0-2: Strikes out swinging
|
Batting: LHB Yao-pang Chiang
|
0-0: Foul Ball, location: 2F 0-1: Called Strike 0-2: Ball 1-2: Strikes out looking
|
Batting: LHB Keaton Kringlen
|
0-0: Ball 1-0: Foul Ball, location: 2F 1-1: Ball 2-1: Foul Ball, location: 2F 2-2: Ball 3-2: Fly out, F8 (Flyball, 8RXD, EV 85.0 MPH)
|
Bottom of the 12th over - 0 runs, 0 hits, 0 errors, 0 left on base; Ft. Worth 8 - Thunder Bay 8 |
TOP OF THE 13TH |
Ft. Worth Cattlemen batting - Pitching for Thunder Bay Northern Lions BC : LHP Peace Addo
|
Batting: RHB Derek Bangert
|
0-0: Foul Ball, location: 2F 0-1: Foul Ball, location: 2F 0-2: Ball 1-2: Fly out, F8 (Flyball, 8RS, EV 80.0 MPH)
|
Batting: LHB Blake Browning
|
0-0: Swinging Strike 0-1: Foul Ball, location: 2F 0-2: Ball 1-2: Ball 2-2: SINGLE (Groundball, 4MD, EV 100.6 MPH)
|
Batting: RHB Tsuneari Hirano
|
0-0: Ball 1-0: Ball 2-0: Ball 3-0: Called Strike 3-1: Foul Ball, location: 2F 3-2: SINGLE (Line Drive, 56D, EV 95.6 MPH) Blake Browning to second
|
Pitching: LHP Mike Hess
|
|
Batting: RHB Min-gook Ch'oe
|
0-0: Called Strike Blake Browning steals 3rd base 0-1: Swinging Strike 0-2: Ball 1-2: Foul Ball, location: 2F 1-2: Strikes out swinging
|
Batting: RHB Lonnie Doble
|
0-0: Ball 1-0: Called Strike 1-1: Ball 2-1: Foul Ball, location: 2F 2-2: Foul Ball, location: 2F 2-2: Strikes out swinging
|
Top of the 13th over - 0 runs, 2 hits, 0 errors, 2 left on base; Ft. Worth 8 - Thunder Bay 8 |
BOTTOM OF THE 13TH |
Thunder Bay Northern Lions BC batting - Pitching for Ft. Worth Cattlemen : RHP Ignacio Uribe
|
Pitching: RHP Anthony Ledesma
|
|
Batting: LHB Sébastien Cornu
|
0-0: Ground out 4-3 (Groundball, 34D, EV 100.6 MPH)
|
Batting: RHB Charles Josse
|
0-0: Ball 1-0: Ball 2-0: Called Strike 2-1: Ball 3-1: Base on Balls
|
Batting: RHB Jason Slaybaugh
|
0-0: Foul Ball, location: 2F 0-1: Foul Ball, location: 2F 0-2: Ball 1-2: Ball 2-2: Ball 3-2: Fly out, F9 (Flyball, 9LM, EV 95.6 MPH)
|
Batting: LHB Gilberto Ocasio
|
0-0: Ball Charles Josse steals 2nd base 1-0: Ground out 1-3 (Groundball, 34S, EV 82.5 MPH)
|
Bottom of the 13th over - 0 runs, 0 hits, 0 errors, 1 left on base; Ft. Worth 8 - Thunder Bay 8 |
TOP OF THE 14TH |
Ft. Worth Cattlemen batting - Pitching for Thunder Bay Northern Lions BC : LHP Mike Hess
|
Batting: RHB Dennis Wacher
|
0-0: Called Strike 0-1: Hit by Pitch
|
Batting: LHB Semo Hoaloha
|
0-0: Grounds into double play, 4-6-3 (Groundball, 4, EV 79.4 MPH)
|
Batting: LHB Craig Woods
|
0-0: Fly out, F8 (Flyball, 8LS, EV 88.8 MPH)
|
Top of the 14th over - 0 runs, 0 hits, 0 errors, 0 left on base; Ft. Worth 8 - Thunder Bay 8 |
BOTTOM OF THE 14TH |
Thunder Bay Northern Lions BC batting - Pitching for Ft. Worth Cattlemen : RHP Anthony Ledesma
|
Batting: LHB Ramón Padilla
|
0-0: Called Strike 0-1: Ground out 6-3 (Groundball, 6, EV 88.8 MPH)
|
Batting: RHB Curf Pierstisnips
|
0-0: Called Strike 0-1: Called Strike 0-2: Ball 1-2: Strikes out swinging
|
Pitching: RHP WyDale Curry
|
|
Batting: SHB Takeshi Kovacs
|
0-0: Ground out 1-3 (Groundball, P, EV 70.0 MPH)
|
Bottom of the 14th over - 0 runs, 0 hits, 0 errors, 0 left on base; Ft. Worth 8 - Thunder Bay 8 |
TOP OF THE 15TH |
Ft. Worth Cattlemen batting - Pitching for Thunder Bay Northern Lions BC : LHP Mike Hess
|
Batting: RHB Scotty Glenn
|
0-0: TRIPLE (Flyball, 89XD, EV 110.0 MPH)
|
Batting: RHB Derek Bangert
|
0-0: Intentional Walk
|
Batting: LHB Blake Browning
|
0-0: Ball 1-0: Called Strike 1-1: Ball 2-1: Ball 3-1: Fly out, F9 (Line Drive, 9, EV 100.6 MPH) Runner from 3rd tags up, SCORES, throw by RF
|
Batting: RHB Tsuneari Hirano
|
0-0: Ball 1-0: Ball 2-0: Called Strike 2-1: Ball 3-1: Base on Balls Derek Bangert to second
|
Batting: RHB Min-gook Ch'oe
|
0-0: Foul Ball, location: 2F 0-1: Called Strike 0-2: Ball 1-2: Foul Ball, location: 2F 1-2: Ball 2-2: 3-RUN HOME RUN (Flyball, 78XD, EV 95.0 MPH), Distance : 406 ft
|
Pitching: RHP Marnix van Rijn
|
|
Batting: RHB Lonnie Doble
|
0-0: Ball 1-0: Ball 2-0: Called Strike 2-1: Called Strike 2-2: Strikes out looking
|
Batting: RHB Dennis Wacher
|
0-0: Swinging Strike 0-1: Foul Ball, location: 2F 0-2: Ball 1-2: Fly out, F9 (Flyball, 89S, EV 78.8 MPH)
|
Top of the 15th over - 4 runs, 2 hits, 0 errors, 0 left on base; Ft. Worth 12 - Thunder Bay 8 |
BOTTOM OF THE 15TH |
Thunder Bay Northern Lions BC batting - Pitching for Ft. Worth Cattlemen : RHP WyDale Curry
|
Batting: LHB Yao-pang Chiang
|
0-0: Ball 1-0: Ball 2-0: Foul Ball, location: 2F 2-1: Ball 3-1: Called Strike 3-2: Base on Balls
|
Batting: LHB Keaton Kringlen
|
0-0: Foul Ball, location: 2F 0-1: Ball 1-1: SINGLE (Groundball, 4MD, EV 100.0 MPH) Yao-pang Chiang to second
|
Batting: LHB Sébastien Cornu
|
0-0: Ball 1-0: Fly out, F8 (Flyball, 89D, EV 90.6 MPH)
|
Batting: RHB Charles Josse
|
0-0: Ball 1-0: Ball 2-0: Ball 3-0: Called Strike 3-1: Foul Ball, location: 2F 3-2: Strikes out swinging
|
Batting: RHB Jason Slaybaugh
|
0-0: Called Strike 0-1: Foul Ball, location: 2F 0-2: Ball 1-2: DOUBLE (Groundball, 5L, EV 111.9 MPH) Yao-pang Chiang scores Keaton Kringlen to third
|
Batting: LHB Gilberto Ocasio
|
0-0: Ball 1-0: Foul Ball, location: 2F 1-1: Swinging Strike 1-2: Ball 2-2: Foul Ball, location: 2F 2-2: Fly out, F8 (Flyball, 8LM, EV 88.1 MPH)
|
Bottom of the 15th over - 1 run, 2 hits, 0 errors, 2 left on base; Ft. Worth 12 - Thunder Bay 9 |
|